Cogmind - Beta 14 *** ADVENTURER MODE // 2024.09.09 @ 08:39:45 // Winter2019/RPGLIKE Player: Gallgagger Result: Destroyed by X7-57E(g) with Beamcaster Performance ------------- Evolutions (2) 1000 Regions Visited (8) 1600 Robots Destroyed (103) 515 Value Destroyed (3109) 3109 Prototype IDs (14) 280 Alien Tech Used (0) 0 Bonus (597) 597 TOTAL SCORE: 7101 Bonus ------- High Alert Combat Kills 192 Follower Combat Kills 105 Registered with UFD 300 Cogmind --------- Core Integrity 0/800 Matter 300/300 Energy 340/340 System Corruption 3% Temperature Cool (15) Movement Treading (120) Location -8/Scraptown Parts ------- > --- POWER (2) -------- Heavy Ion Engine Light Nuclear Core > --- PROPULSION (4) --- Tri-treads Improved Titanium Leg > --- UTILITY (5) ------ Target Analyzer Target Analyzer Target Analyzer Target Analyzer > --- WEAPON (4) ------- Siege Cannon Chainsword > --- INVENTORY (4) ---- Heavy Particle Gun CPS Tube (2) CPS Tube (1) Peak State ------------ > --- POWER ------------ Heavy Ion Engine Light Nuclear Core > --- PROPULSION ------- Tri-treads Improved Titanium Leg > --- UTILITY ---------- Target Analyzer Target Analyzer Target Analyzer Target Analyzer Hardened Medium Armor Plating > --- WEAPON ----------- Siege Cannon Chainsword > --- INVENTORY -------- Heavy Particle Gun CPS Tube CPS Tube [Rating: 66] Favorites ----------- Power Light Nuclear Core Engine Ion Engine Power Core Light Nuclear Core Propulsion Improved Titanium Leg Treads Tri-treads Leg Improved Titanium Leg Hover Unit Improved Hover Unit Utility Target Analyzer Device Heat Sink Processor Target Analyzer Protection Improved Light Armor Plating Weapon Chainsword Energy Gun Pulse Rifle Ballistic Gun Heavy Assault Rifle Ballistic Cannon Light Cannon Special Weapon CPS Tube Impact Weapon Power Maul Slashing Weapon Chainsword Build | -11 -10 -10 -10 -9 -8 -8 -8 -8 ------- Run | Yrd Mat Min Exi Min Mat Sto Rec Scr Slots Evolved 11 | 4 . . . . 6 1 . . Power 1 | 1 . . . . . . . . Propulsion 3 | 1 . . . . 2 . . . Utility 4 | 1 . . . . 2 1 . . Weapon 3 | 1 . . . . 2 . . . Parts Attached 51 | 6 5 1 . 1 19 14 1 4 Power 7 | 2 . . . . 3 2 . . Engine 6 | 2 . . . . 2 2 . . Core 1 | . . . . . 1 . . . Reactor . | . . . . . . . . . Propulsion 9 | 2 2 . . . 4 . . 1 Treads 1 | . . . . . . . . 1 Leg 6 | 2 . . . . 4 . . . Wheel . | . . . . . . . . . Hover 2 | . 2 . . . . . . . Flight . | . . . . . . . . . Utility 13 | . 2 . . . 5 5 1 . Device 2 | . 1 . . . . 1 . . Storage . | . . . . . . . . . Processor 8 | . . . . . 4 4 . . Hackware . | . . . . . . . . . Protection 3 | . 1 . . . 1 . 1 . Artifact . | . . . . . . . . . Weapon 22 | 2 1 1 . 1 7 7 . 3 Energy Gun 7 | . . . . . 7 . . . Energy Cannon . | . . . . . . . . . Ballistic Gun 5 | 2 . 1 . . . 2 . . Ballistic Cannon 2 | . 1 . . . . . . 1 Launcher . | . . . . . . . . . Special Weapon 1 | . . . . . . . . 1 Impact Weapon 1 | . . . . 1 . . . . Slashing Weapon 6 | . . . . . . 5 . 1 Piercing Weapon . | . . . . . . . . . Special Melee Weapon . | . . . . . . . . . Unidentified Prototypes 6 | . . . . . 2 3 . 1 Parts Lost 1 | . . . . . . . . 1 Power . | . . . . . . . . . Propulsion . | . . . . . . . . . Utility 1 | . . . . . . . . 1 Weapon . | . . . . . . . . . Highest Loss Streak 1 | . . . . . . . . 1 To Critical Strikes . | . . . . . . . . . Average Slot Usage (%) 97 | . 82 100 100 100 93 98 100 99 Engine 9 | . 25 25 25 25 7 6 6 6 Core 4 | . . . . . 6 6 6 6 Leg 20 | . 2 . . . 23 26 26 25 Hover 4 | . 22 25 25 25 2 . . . Device 4 | . 3 12 12 12 7 7 . . Processor 17 | . . . . . 14 17 26 26 Protection 6 | . 3 12 12 12 7 6 6 5 Energy Gun 4 | . . . . . 21 5 . . Ballistic Gun 2 | . 19 12 12 12 . . . . Ballistic Cannon 1 | . 4 12 12 8 . . . . Slashing Weapon 15 | . . . . . . 19 26 25 Peak Build Rating 66 | 6 10 11 11 14 45 54 53 66 Average Rating 41 | 4 8 10 11 11 36 50 53 53 On Entrance 22 | . 6 10 11 11 14 45 53 53 Naked Turns . | . . . . . . . . . Heaviest Build 33 | 12 18 20 20 20 26 30 33 33 Greatest Support 90 | 20 20 24 24 24 90 90 90 90 Greatest Overweight (x) 1 | . 1 1 . . 1 . . . Average Overweight (x) . | . . . . . . . . . Largest Inventory Capacity 4 | 1 1 1 1 4 4 4 4 4 Average Capacity 3 | 1 1 1 1 3 4 4 4 4 Most Carried 4 | . . . . 4 4 4 2 4 Average Carried 2 | . . . . 2 3 1 2 2 Final Capacity 4 | 1 1 1 1 4 4 4 4 4 Final Carried 4 | . . . . 4 4 2 2 3 Class Distribution -------------------- 30% | Commander-Gladiator 29% | Gladiator 20% | Mutant 19% | Gunner Dominant Class ---------------- Mutant | -10/Materials Mutant | -10/Mines Mutant | -10/Exiles Mutant | -9/Mines Gunner | -8/Materials Gladiator | -8/Storage Gladiator | -8/Recycling Commander-Gladiator | -8/Scraptown Resources | -11 -10 -10 -10 -9 -8 -8 -8 -8 ----------- Run | Yrd Mat Min Exi Min Mat Sto Rec Scr Matter Collected 1123 | 151 171 189 . 66 213 171 44 118 Remotely . | . . . . . . . . . Salvage Created 4052 | . 199 176 . 69 1343 1900 301 64 Parts 204 | . 9 18 . 9 57 93 18 . Haulers Intercepted 3 | . . . . . 1 2 . . Recyclers Shooed 1 | . . . . . . 1 . . Parts Field Recycled . | . . . . . . . . . Retrieved Matter . | . . . . . . . . . Parts Self-Destructed . | . . . . . . . . . Prevented . | . . . . . . . . . Kills | -11 -10 -10 -10 -9 -8 -8 -8 -8 ------- Run | Yrd Mat Min Exi Min Mat Sto Rec Scr Combat Hostiles Destroyed 75 | . 5 11 . 5 25 24 4 1 Melee 17 | . . . . . . 13 4 . Guns 42 | . 5 3 . 2 22 10 . . Cannons 12 | . . 8 . 3 . . . 1 Classes Destroyed 14 | . 2 2 . 2 5 2 . 1 Worker 6 | . . . . . 1 5 . . Builder 2 | . . . . . . 2 . . Tunneler 1 | . . 1 . . . . . . Hauler 3 | . . . . . 1 2 . . Recycler 7 | . . . . 1 2 3 1 . Mechanic 1 | . . . . . 1 . . . Operator 4 | . . . . . 2 2 . . Watcher 4 | . . . . . 2 2 . . Swarmer 16 | . 3 6 . 3 4 . . . Grunt 34 | . 2 4 . 1 14 13 . . Brawler 2 | . . . . 1 1 . . . Sentry 20 | . . 1 . . 6 9 4 . Hunter 2 | . . . . . . 2 . . Explorer 1 | . . . . . . . . 1 Best Kill Streak 9 | . 3 3 . 3 8 9 2 1 Combat Bots Only 8 | . 3 3 . 3 7 8 2 1 Max Kills in Single Turn 2 | . 1 1 . 1 2 2 1 1 Gunslinging . | . . . . . . . . . Exploded . | . . . . . . . . . Melee 1 | . . . . . . 1 1 . Uniques/NPCs Destroyed . | . . . . . . . . . Combat | -11 -10 -10 -10 -9 -8 -8 -8 -8 -------- Run | Yrd Mat Min Exi Min Mat Sto Rec Scr Hostile Shots Fired 334 | . 35 40 . 8 67 59 8 117 Missed 104 | . 8 9 . . 25 19 3 40 Damage Taken 2514 | . 194 225 . 87 384 433 42 1149 Core 1770 | . 151 167 . 65 265 321 29 772 Absorbed by Shields . | . . . . . . . . . Redirected to Core 1456 | . 127 108 . 61 255 280 29 596 Ignored by Resistances 1369 | . 108 122 . 43 204 260 29 603 Regen/Repaired (Parts) 181 | . . . . . . . . 181 Core Remaining (%) 97 | 100 . . . 95 . . . . Volleys Fired 139 | . 25 22 . 8 58 23 . 3 Largest 4 | . 2 2 . 2 4 4 . 1 Hottest 242 | . 40 58 . 58 242 242 . 70 Shots Fired 381 | . 50 44 . 16 177 91 . 3 Gun 348 | . 50 22 . 8 177 91 . . Cannon 32 | . . 22 . 8 . . . 2 Launcher . | . . . . . . . . . Special 1 | . . . . . . . . 1 Kinetic 117 | . 50 44 . 16 5 . . 2 Thermal 263 | . . . . . 172 91 . . Explosive . | . . . . . . . . . Electromagnetic . | . . . . . . . . . Robot Hit Streak 76 | . 16 13 . 12 66 73 . 76 Robot Miss Streak 3 | . 2 3 . 1 2 . . . Penetration Max 1 | . . . . . . . . 1 Secondary Targets 3 | . . . . . 3 . . . Max Gunslinging Chain 1 | . . . . . 1 . . . Shots Hit Robots 367 | . 41 34 . 10 140 119 13 10 Core Hits 146 | . 12 16 . 6 51 50 5 6 Critical Kills . | . . . . . . . . . Critical Parts Destroyed . | . . . . . . . . . Critical Strikes 26 | . . 2 . . 11 11 . 2 Burn 16 | . . . . . 11 5 . . Blast 2 | . . 2 . . . . . . Sever 8 | . . . . . . 6 . 2 Melee Attacks 88 | . . . . . . 67 14 7 Impact . | . . . . . . . . . Slashing 88 | . . . . . . 67 14 7 Piercing . | . . . . . . . . . Sneak Attacks 22 | . . . . . . 14 8 . Combat Hostiles 6 | . . . . . . . 6 . Follow-up Attacks 18 | . . . . . . 13 3 2 Damage Inflicted 8767 | . 323 530 . 181 2669 3773 811 480 Guns 4644 | . 323 242 . 79 2669 1331 . . Cannons 622 | . . 282 . 102 . . . 238 Explosions . | . . . . . . . . . Melee 3495 | . . . . . . 2442 811 242 Ramming 6 | . . 6 . . . . . . Kinetic 1329 | . 323 524 . 181 63 . . 238 Thermal 3937 | . . . . . 2606 1331 . . Explosive . | . . . . . . . . . Electromagnetic . | . . . . . . . . . Impact . | . . . . . . . . . Slashing 3495 | . . . . . . 2442 811 242 Piercing . | . . . . . . . . . Highest Corruption 3 | . . . . . 1 2 2 3 Average Corruption 1 | . . . . . 1 2 2 2 Corruption Purged . | . . . . . . . . . Corruption Blocked . | . . . . . . . . . Effects 63 | . . . . . 3 22 18 20 Message Errors 15 | . . . . . . 6 5 4 Matter Fused 19 | . . . . . 1 5 5 8 Heat Flow Errors 5 | . . . . . . 2 1 2 Energy Discharges 8 | . . . . . 1 1 3 3 Parts Fused 1 | . . . . . . . . 1 Data Loss (minor) 8 | . . . . . . 5 2 1 Data Loss (major) 2 | . . . . . . 1 . 1 Misfires 1 | . . . . . 1 . . . Alerts 3 | . . . . . . 1 2 . Weapon Failures 1 | . . . . . . 1 . . Overload Shots . | . . . . . . . . . Overflow Damage 245 | . . . . 15 . 124 106 . Projectiles 15 | . . . . 15 . . . . Explosions . | . . . . . . . . . Melee 230 | . . . . . . 124 106 . Knockbacks 7 | . . 5 . 1 . . . 1 Impact . | . . . . . . . . . Kinetic 7 | . . 5 . 1 . . . 1 Secondary . | . . . . . . . . . Self-Inflicted Damage 3 | . . 3 . . . . . . Shots . | . . . . . . . . . Rammed 1 | . . 1 . . . . . . Targets Rammed 1 | . . 1 . . . . . . Kicked . | . . . . . . . . . Crushed . | . . . . . . . . . Highest Temperature 387 | . 205 76 . 18 387 255 68 125 Average Temperature 62 | . 71 34 . 13 75 77 68 79 Received Heat Transfer 1414 | . 123 150 . . 306 306 18 511 Effects 1 | . . . . . 1 . . . Shutdowns 1 | . . . . . 1 . . . Siege Activations . | . . . . . . . . . Robots Corrupted . | . . . . . . . . . Combat Hostiles . | . . . . . . . . . Parts Fried . | . . . . . . . . . Impact Corruptions . | . . . . . . . . . Robots Melted 5 | . . . . . 4 1 . . Combat Hostiles 4 | . . . . . 3 1 . . Parts Melted 19 | . . . . . 10 9 . . Heat Transferred 9028 | . . . . . 5957 3071 . . Parts Sabotaged . | . . . . . . . . . Parts Stolen . | . . . . . . . . . Parts Stripped . | . . . . . . . . . Power Chain Reactions . | . . . . . . . . . Alert | -11 -10 -10 -10 -9 -8 -8 -8 -8 ------- Run | Yrd Mat Min Exi Min Mat Sto Rec Scr Peak Influence 568 | . 225 238 . 132 550 568 178 . Initial 126 | . . 8 . . 43 126 93 . Average 202 | . 136 132 . 96 293 342 59 . Maximum Alert Level 2 | . 1 1 . . 2 2 . . Low Security (%) 52 | 100 55 79 . 100 20 9 100 . Level 1 31 | . 44 20 . . 52 54 . . Level 2 15 | . . . . . 27 35 . . Level 3 . | . . . . . . . . . Level 4 . | . . . . . . . . . Level 5 . | . . . . . . . . . High Security . | . . . . . . . . . Max Security . | . . . . . . . . . Squads Dispatched 9 | . 1 . . . 4 4 . . Investigation 5 | . 1 . . . 2 2 . . Extermination . | . . . . . . . . . Reinforcement 4 | . . . . . 2 2 . . Assault . | . . . . . . . . . Garrison . | . . . . . . . . . Intercept . | . . . . . . . . . Searches Triggered . | . . . . . . . . . Construction Impeded . | . . . . . . . . . Haulers Reinforced . | . . . . . . . . . Active Scanning Responses . | . . . . . . . . . Cargo Convoy Interrupts . | . . . . . . . . . Stealth | -11 -10 -10 -10 -9 -8 -8 -8 -8 --------- Run | Yrd Mat Min Exi Min Mat Sto Rec Scr Distress Signals 5 | . 1 . . . . 4 . . Communications Jammed . | . . . . . . . . . Distress Signals . | . . . . . . . . . Times Spotted 112 | . 11 11 . 5 35 32 3 15 Peak Tracking Total 14 | . 4 3 . 3 5 7 1 14 Tactical Retreats 6 | . 3 . . . . 3 . . Traps | -11 -10 -10 -10 -9 -8 -8 -8 -8 ------- Run | Yrd Mat Min Exi Min Mat Sto Rec Scr Traps Triggered 3 | . . . . 1 1 1 . . Indirectly . | . . . . . . . . . Trap Hack Attempts . | . . . . . . . . . Triggered . | . . . . . . . . . Disarmed . | . . . . . . . . . Reprogrammed . | . . . . . . . . . Reused . | . . . . . . . . . Traps Extracted . | . . . . . . . . . Installed 4 | . . . . . 4 . . . Triggered . | . . . . . . . . . Most Traps Carried 4 | . . . . 4 4 . . . Machines | -11 -10 -10 -10 -9 -8 -8 -8 -8 ---------- Run | Yrd Mat Min Exi Min Mat Sto Rec Scr Machines Disabled 4 | . . 1 . . . 2 . 1 Max in Single Turn 1 | . . 1 . . . 1 . 1 Machines Repaired . | . . . . . . . . . Machines Dismantled . | . . . . . . . . . Machines Sabotaged . | . . . . . . . . . Overloaded Fab Kills . | . . . . . . . . . Hacking | -11 -10 -10 -10 -9 -8 -8 -8 -8 --------- Run | Yrd Mat Min Exi Min Mat Sto Rec Scr Machines Accessed 21 | . 3 . . 1 4 7 5 1 Terminals 10 | . 2 . . . 2 6 . . Fabricators . | . . . . . . . . . Repair Stations . | . . . . . . . . . Recycling Units 8 | . 1 . . . 2 1 4 . Scanalyzers . | . . . . . . . . . Garrison Access . | . . . . . . . . . Total Hacks 52 | . 5 . . 1 10 13 22 1 Successful 39 | . 1 . . 1 7 7 22 1 Failed 13 | . 4 . . . 3 6 . . Catastrophic 2 | . 1 . . . . 1 . . Database Lockouts . | . . . . . . . . . Manual 19 | . 3 . . . 7 5 4 . Terminals 24 | . 4 . . . 8 12 . . Fabricators . | . . . . . . . . . Repair Stations . | . . . . . . . . . Recycling Units 8 | . 1 . . . 2 1 4 . Scanalyzers . | . . . . . . . . . Garrison Access . | . . . . . . . . . Terminal Hacks 31 | . . . . 1 5 6 18 1 Record 18 | . . . . . . . 18 . Robot Analysis 3 | . . . . . 3 . . . Prototype ID Bank 1 | . . . . . . 1 . . Open Door 3 | . . . . 1 . 2 . . Level Access Points 1 | . . . . . 1 . . . Branch Access Points 1 | . . . . . 1 . . . Alert Level 1 | . . . . . . 1 . . Unreport Threat 1 | . . . . . . 1 . . Zone Layout 1 | . . . . . . 1 . . Derelict Proto ID Bank 1 | . . . . . . . . 1 Fabricator Hacks . | . . . . . . . . . Repair Station Hacks . | . . . . . . . . . Recycling Unit Hacks . | . . . . . . . . . Scanalyzer . | . . . . . . . . . Garrison Access Hacks . | . . . . . . . . . Unauthorized Hacks 8 | . 1 . . . 2 1 4 . Terminals . | . . . . . . . . . Fabricators . | . . . . . . . . . Repair Stations . | . . . . . . . . . Recycling Units 8 | . 1 . . . 2 1 4 . Tunnel 8 | . 1 . . . 2 1 4 . Scanalyzers . | . . . . . . . . . Garrison Access . | . . . . . . . . . Data Cores Recovered 1 | . . . . . . 1 . . Used . | . . . . . . . . . Hacking Detections 7 | . 2 . . . 2 3 . . Full Trace Events 1 | . . . . . . 1 . . Feedback Events . | . . . . . . . . . Feedback Blocked . | . . . . . . . . . Robot Schematics Acquired . | . . . . . . . . . Robots Built . | . . . . . . . . . Authchips . | . . . . . . . . . Time . | . . . . . . . . . Total Robot Build Rating . | . . . . . . . . . Part Schematics Acquired . | . . . . . . . . . Parts Built . | . . . . . . . . . Authchips . | . . . . . . . . . Time . | . . . . . . . . . Total Part Build Rating . | . . . . . . . . . Parts Repaired . | . . . . . . . . . Time . | . . . . . . . . . Parts Recycled . | . . . . . . . . . Recycled Matter . | . . . . . . . . . Retrieved Matter . | . . . . . . . . . Retrieved Components . | . . . . . . . . . Parts Scanalyzed . | . . . . . . . . . Part Schematics Acquired . | . . . . . . . . . Parts Damaged . | . . . . . . . . . Bothacking | -11 -10 -10 -10 -9 -8 -8 -8 -8 ------------ Run | Yrd Mat Min Exi Min Mat Sto Rec Scr Used RIF Installer . | . . . . . . . . . Robots Hacked . | . . . . . . . . . Non-combat . | . . . . . . . . . Combat . | . . . . . . . . . Robot Hacks Applied . | . . . . . . . . . Relay Couplers Released . | . . . . . . . . . Fabnet Peak Effective % . | . . . . . . . . . Robots Rewired 12 | . . . . . . . 12 . Allies Hacked . | . . . . . . . . . Hacks Repelled . | . . . . . . . . . Allies | -11 -10 -10 -10 -9 -8 -8 -8 -8 -------- Run | Yrd Mat Min Exi Min Mat Sto Rec Scr Total Allies 15 | . . 3 . . . . 12 . Largest Group 12 | . . 3 3 3 3 . 12 12 Highest-Rated Group 179 | . . 40 40 40 40 . 178 179 Highest-Rated Ally 34 | . . 16 16 16 16 . 34 34 Total Orders 9 | . . . . . . . . 9 STAY 7 | . . . . . . . . 7 PICKUP 1 | . . . . . . . . 1 COLLECT 1 | . . . . . . . . 1 Ally Attacks 59 | . . . . . 42 . . 17 Total Damage 1060 | . . . . . 454 . . 606 Kills 6 | . . . . . 4 . . 2 Allies Corrupted . | . . . . . . . . . Allies Melted . | . . . . . . . . . Intel | -11 -10 -10 -10 -9 -8 -8 -8 -8 ------- Run | Yrd Mat Min Exi Min Mat Sto Rec Scr Robot Analysis Total 3 | . . . . . 3 . . . Derelict Logs Recovered 2 | . . 1 . 1 . . . . Drone Launches . | . . . . . . . . . Drone Recoveries . | . . . . . . . . . Exploration | -11 -10 -10 -10 -9 -8 -8 -8 -8 ------------- Run | Yrd Mat Min Exi Min Mat Sto Rec Scr Turns Passed 7399 | 43 400 483 141 347 1258 1315 1363 2049 Spaces Moved 5784 | 31 419 543 194 503 864 757 932 1541 Core 4 | 4 . . . . . . . . Treads 1 | . . . . . . . . 1 Legs 3913 | 27 30 . . . 627 757 932 1540 Wheels . | . . . . . . . . . Hover 1866 | . 389 543 194 503 237 . . . Flight . | . . . . . . . . . Fastest Speed 50 | 50 56 56 56 56 56 130 130 120 Average Speed 108 | 110 76 67 56 56 109 130 130 129 Slowest Speed 130 | 120 120 116 56 56 130 130 130 130 Overloaded Moves . | . . . . . . . . . Propulsion Burnouts . | . . . . . . . . . Robots Hopped . | . . . . . . . . . Cave-ins Triggered . | . . . . . . . . . Exploration Rate (%) 73 | 3 80 98 53 92 54 90 99 91 Regions Visited 8 Branch Regions 6 Pre-discovered Areas 10 | . 1 1 . 1 2 1 4 . Known Exits Taken 1 | . . . . . 1 . . . Unknown Exits Taken 7 | 1 1 1 1 1 . 1 1 . Scrap Searched 8 | . . 3 . 1 . . . 4 Spaces Dug . | . . . . . . . . . Terrain Destroyed 1 | . . . . . . . . 1 Melee . | . . . . . . . . . Projectile 1 | . . . . . . . . 1 AOE . | . . . . . . . . . Terrain Rammed . | . . . . . . . . . Walls Destroyed . | . . . . . . . . . Machines Disabled . | . . . . . . . . . Actions | -11 -10 -10 -10 -9 -8 -8 -8 -8 --------- Run | Yrd Mat Min Exi Min Mat Sto Rec Scr Total 6530 | 36 458 616 225 551 1041 959 1067 1577 Wait 301 | . 7 30 32 29 53 85 52 13 Move 5776 | 30 418 542 193 502 863 756 931 1541 Hop . | . . . . . . . . . Pick Up 15 | . . . . 4 4 4 . 3 Fast Attach 38 | 6 5 1 . 1 15 7 1 2 Attach 2 | . . . . . . 2 . . Detach . | . . . . . . . . . Swap 11 | . . . . . 4 5 . 2 Drop 41 | . 3 1 . 1 15 12 1 8 Fire 139 | . 25 22 . 8 58 23 . 3 Melee 58 | . . . . . . 43 10 5 Ram 1 | . . 1 . . . . . . Kick . | . . . . . . . . . Crush . | . . . . . . . . . Escape Stasis . | . . . . . . . . . Rewire 74 | . . . . . . 3 71 . Trap 4 | . . . . . 4 . . . Miscellaneous 70 | . . 19 . 6 25 19 1 . Route ------- -11/Scrapyard -10/Materials (discovered 4 exits: [*Mat x2] / [*Min x2]) -10/Mines (discovered 3 exits: [*Mat x2] / [*Exi]) -10/Exiles -9/Mines (discovered 2 exits: *Mat x2) -8/Materials (discovered 4 exits: *Fac x3 / *Sto) -8/Storage (discovered 2 exits: *Fac / *Rec) -8/Recycling (discovered 2 exits: [*Fac] / *Scr) -8/Scraptown (discovered 2 exits: [*Fac x2]) History --------- Turn | Location | Event 1 | -11/Scrapyard | Upgraded with Power slot (x1) 1 | -11/Scrapyard | Upgraded with Propulsion slot (x1) 1 | -11/Scrapyard | Upgraded with Utility slot (x1) 1 | -11/Scrapyard | Upgraded with Weapon slot (x1) 29 | -11/Scrapyard | Discovered new exit (range 13) 44 | -11/Scrapyard | Entered Materials 93 | -10/Materials | Discovered new exit (range 7) 218 | -10/Materials | Discovered new exit (range 15) 306 | -10/Materials | Discovered new exit (range 12) 310 | -10/Materials | Build established: Mutant 408 | -10/Materials | Discovered new exit (range 13) 444 | -10/Materials | Entered Mines 445 | -10/Mines | Learned location of Storage (-8) 479 | -10/Mines | Reached level 2 484 | -10/Mines | Learned Materials security intel 568 | -10/Mines | Joined a pair of Derelicts in attacking an 0b10 outpost 798 | -10/Mines | Discovered new exit (range 2) 854 | -10/Mines | Discovered new exit (range 11) 860 | -10/Mines | Assisted by bots powering up and referring to "LRC-V3" 909 | -10/Mines | Deemed a non-threat by the Exiles lab entrance 910 | -10/Mines | Discovered new exit (range 5) 927 | -10/Mines | Entered Exiles 927 | -10/Exiles | Accompanied by 3 allies 935 | -10/Exiles | Discovered new exit (range 15) 943 | -10/Exiles | Met 8R-AWN 951 | -10/Exiles | Met EX-HEX 967 | -10/Exiles | Met EX-BIN 979 | -10/Exiles | Met EX-DEC 1068 | -10/Exiles | Entered Mines 1068 | -9/Mines | Accompanied by 3 allies 1070 | -9/Mines | Reached level 3 1122 | -9/Mines | Received a Rocket Launcher from a helpful Derelict 1152 | -9/Mines | Found a hidden stash of uninstalled traps 1166 | -9/Mines | Discovered new exit (range 10) 1215 | -9/Mines | Discovered new exit (range 10) 1319 | -9/Mines | Met a Derelict who couldn't figure out how to use a Trap Extractor 1415 | -9/Mines | Entered Materials 1415 | -8/Materials | Accompanied by 3 allies 1417 | -8/Materials | Reached level 4 1417 | -8/Materials | Reached level 5 1417 | -8/Materials | Reached level 6 1428 | -8/Materials | Upgraded with Propulsion slot (x2) 1428 | -8/Materials | Upgraded with Utility slot (x2) 1428 | -8/Materials | Upgraded with Weapon slot (x1) 1521 | -8/Materials | Reached level 7 1579 | -8/Materials | Identified exit to Factory 1595 | -8/Materials | Discovered new exit (range 7) 1793 | -8/Materials | Reached level 8 1805 | -8/Materials | Build established: Gunner 1819 | -8/Materials | Upgraded with Weapon slot (x1) 2206 | -8/Materials | Destroyed 7 combat bots 2253 | -8/Materials | Identified exit to Storage 2325 | -8/Materials | Reached level 9 2673 | -8/Materials | Entered Storage 2675 | -8/Storage | Reached level 10 2680 | -8/Storage | Upgraded with Utility slot (x1) 2869 | -8/Storage | Reached level 11 2909 | -8/Storage | Used back door to open Recycling access 2909 | -8/Storage | Discovered new exit (range 5) 2915 | -8/Storage | Destroyed 8 combat bots 3250 | -8/Storage | Build established: Gladiator 3699 | -8/Storage | Discovered exit to Factory (range 15) 3837 | -8/Storage | Reached level 12 3988 | -8/Storage | Entered Recycling 4375 | -8/Recycling | Scanned before Scraplab entrance 4417 | -8/Recycling | Discovered new exit (range 5) 4940 | -8/Recycling | Entered Scraplab 4951 | -8/Recycling | Discovered new exit (range 3) 5351 | -8/Recycling | Entered Scraptown 5351 | -8/Scraptown | Accompanied by 12 allies 5410 | -8/Scraptown | Build established: Commander-Gladiator 5663 | -8/Scraptown | Heard Great Nut preacher, LISTEN AND RECITE! 5672 | -8/Scraptown | Visited TADAMA 5691 | -8/Scraptown | Visited Shadow of the Wyrm 5711 | -8/Scraptown | Visited UFD Registry 5711 | -8/Scraptown | Registered with UFD as "Quantummech" 5786 | -8/Scraptown | Visited Modified Component R&D 5864 | -8/Scraptown | Visited Abandonware Association 5886 | -8/Scraptown | Visited Junk Repository 5998 | -8/Scraptown | Discovered new exit (range 3) 6042 | -8/Scraptown | Visited Scrapoid Pod Storage 6059 | -8/Scraptown | Visited Analyses Database 6133 | -8/Scraptown | Visited LU-1G1's Boring Crew 6301 | -8/Scraptown | Visited Science Guys 6345 | -8/Scraptown | Visited Junk Repository 6382 | -8/Scraptown | Visited Science Testing Area 6445 | -8/Scraptown | Visited Cave Peace 6457 | -8/Scraptown | Visited Fellowship of the Rings 6766 | -8/Scraptown | Discovered new exit (range 11) 6877 | -8/Scraptown | Visited CR-KLE's Repair Center 6886 | -8/Scraptown | CR-KLE repaired 5 parts 6922 | -8/Scraptown | Visited Comm Corps 6978 | -8/Scraptown | Visited CPS Storage 7365 | -8/Scraptown | Attacked by Scraptown defenders 7383 | -8/Scraptown | Core integrity fell below 50% 7391 | -8/Scraptown | Found Tri-treads 7395 | -8/Scraptown | Core integrity fell below 20% 7395 | -8/Scraptown | Found Prototype Ballistic Cannon 7395 | -8/Scraptown | Identified Siege Cannon 7400 | -8/Scraptown | Destroyed by X7-57E(g) with Beamcaster Last Messages --------------- 07386_ UFD Registry disabled. 07386_ Dropped Enh. Autogun. 07389_ Critical hit (Burn: +50). 07389_ Discarded Imp. Titanium Leg. 07390_ Dropped Imp. Titanium Leg. 07391_ Protomatter-43 decays. 07391_ Dropped Imp. Titanium Leg. 07391_ Acquired Tri-treads. 07393_ QY-ITG(j) heat spikes uncontrollably. 07394_ Dropped Chainsword. 07395_ Acquired Prototype Ballistic Cannon. 07395_ Identified Siege Cannon. 07397_ Siege Slug penetrates AP-46W(x). 07397_ AP-46W(x) destroyed. 07397_ Siege Slug penetrates F4-3B7(b). 07397_ Hrd. Medium Armor Plating destroyed. 07398_ Acquired 29 matter. 07399_ Siege Slug penetrates KV-N7V(g). 07399_ KV-N7V(g) knocked back. 07400_ Acquired 14 matter. Map ----- +----------------------------------------------------+ | #?# #?# ""X"" #????????#" "###### | | #?# #?# """"" #????????#X """""## | | #?# #?# """ #????????## = #?# | | #??? #?# " #????????#" #?? | | #????? #?# ??????????#" #??? | | #??????? #?# ????????????######## #####??? | | ########## ##### ##########???????##### ######## | | #???????#"""" """""""" | | #???????#" | | #???????#" | | #???????#" | | #???????#" | | #################r #????####" | | #???????????????# #????"""" """"""" | | #???????????????# #????"""" """"""" | | #???????????????# #????"""" ""##### | | #???????????????# #????"""" ""# | | #???????????????# #????"""" ""# | | #???????????????# ###?#"""" ""# " | | #??????########?# "#"#"""" ""# "" | | #??????# # # #?# """#"""" ""# " | | #?????## " " ### ""#??####" "" | | #?????#" "## ###?????#" "" | | #?????# ## #########" ""# " | | #?????# ## %/=/ ""# "" | | #?????# ## j*!@= ""# " | | #?????# ## =ggxxx ""# | | #?????# ## !!g*bp! ""# | | ############ ####!*%%%g!%[ ""##### | | !%|%!%g%![* """"""" | | == [!!%%%! """"""" | | =% %!=%= = | | % g % | | %* = | | % #""""#" | | #????#" | | % #????#"""""" """""" | | ###############;#### ##; ####????####### ###### | | #??????????# # #???????????? ???? | | #??????????" # #?????????? ?? | | """#????????? # # #?????????# #? | | || #?????????## # #?????????# #? | | """#??????????# """" # #?????????# #? | | || #??????????# """"" # #?????????# #? | | """#??????????# """"" # #?????????# #? | | | #??????????# # #?????????# #? | | """#??????????# # #?????????###########? | | ####??????????#??######## #????????????????????? | | ????????????????????????# #????????????????????? | | ?????????????############ #????????????????????? | +----------------------------------------------------+ Best States ------------- Heat Dissipation 115 Energy Generation 23 Energy Capacity 400 Matter Stores 300 Matter Capacity 300 Sight Range 16 Terrain Scan Density 10 Armor Coverage 225 Resistance: KI 40 Resistance: TH 35 Resistance: EX 40 Resistance: EM 20 Resistance: I 20 Resistance: S 20 Resistance: P 20 Evasion (%) 55 Targeting Accuracy 16 Target Analysis 7 Recoil Reduction 3 Offensive Hacking 10 Item Schematics ----------------- None Robot Schematics ------------------ None Fabricated ------------ Nothing Alien Tech Used ----------------- None Achievements -------------- None Challenges ------------ None RPGLIKE | -11 -10 -10 -10 -9 -8 -8 -8 -8 --------- Run | Yrd Mat Min Exi Min Mat Sto Rec Scr Levels Raised 11 | . . 1 . 1 6 3 . . XP Earned 21950 | 4000 750 1860 200 1665 8423 3767 969 316 XP Spent 20460 | 3950 . 700 . 2250 9100 4300 . 160 Upgrades 47 | 11 . 2 . 3 21 6 . 4 Power Slot 1 | 1 . . . . . . . . Propulsion Slot 3 | 1 . . . . 2 . . . Utility Slot 4 | 1 . . . . 2 1 . . Weapon Slot 3 | 1 . . . . 2 . . . Core Integrity 4 | . . . . . . . . 4 Heat Dissipation 11 | . . . . . 11 . . . Mass Support 2 | . . 2 . . . . . . Inventory Capacity 4 | 1 . . . 3 . . . . KI Resistance % 4 | 3 . . . . 1 . . . TH Resistance % 3 | 2 . . . . 1 . . . EX Resistance % 4 | 1 . . . . 2 1 . . KI Damage % 4 | . . . . . . 4 . . Protomatter Created 881 | . . 135 . 97 328 267 54 . Integrity Restored 1307 | . . 379 . 98 422 384 24 . Core 969 | . . 284 . 71 293 297 24 . Parts 338 | . . 95 . 27 129 87 . . Protomatter Decayed 566 | . . 48 . 62 270 54 46 86 Game ------ Seed StructuralDisassembledChip Manual? 0 Play Time 00:58:17 Cumulative 82.1 hours Start 2024.09.09 @ 07:36:12 End 2024.09.09 @ 08:39:45 Sessions 1 Manual Loads 0 Difficulty Adventurer Special Mode Winter2019/RPGLIKE Game No. 53 Rogue 0 Adventurer 53 Explorer 0 Win Type - Total 4 Types 2/0/1/1/0/0/0/0/0 Lore% 40 Gallery% 49 Achievement% 67 Wizard Run 0 Options --------- Layout 2 ASCII 0 Keyboard 0 Movement Numpad Keybinds 0 Fullscreen 2 Font 24/Smallcaps Map View 50x44 Zoom Use 0% Tactical HUD 1 Map Filters NONE Filters NONE Steam 1 RUN: 9c573166-f291-49f1-8888-88aee754f2b9